 Dungeon Crawl Stone Soup version 0.31.0-9-g3a7656b989 (webtiles) character file.

Game seed: 16436933417422436985

354 Kenran the Ruffian (level 6, -1/55 HPs)
             Began as an Oni Shapeshifter on Feb 3, 2024.
             Killed from afar by a steam dragon (24 damage)
             ... with a ball of steam
             ... on level 4 of the Dungeon.
             The game lasted 00:02:59 (2310 turns).

Kenran the Ruffian (Oni Shapeshifter)               Turns: 2310, Time: 00:02:59

Health: -1/55      AC:  4    Str: 19    XL:     6   Next: 62%
Magic:  6/6        EV: 14    Int: 11    God:
Gold:   146        SH:  0    Dex: 10    Spells: 5/5 levels left

rFire   . .          .
                       - Unarmed
rCold   . . .        (no shield)
rNeg    . . .        a - +1 animal skin
rPois   .            (helmet currently unavailable)
rElec   .            (cloak currently unavailable)
rCorr   .            (gloves unavailable)
SInv    .            (boots unavailable)
Will    .....        j - amulet of regeneration
Stlth   +            i - +5 ring of evasion
HPRegen 1.09/turn    (no ring)
MPRegen 0.10/turn

%: no passive effects
@: beast-form
A: beast (slay +1), large, unfitting armour, horns 1, tough skin 1, double
potion healing, drunken brawling
a: Begin Untransformation


You were on level 4 of the Dungeon.
You were a hulking beast.
You visited 1 branch of the dungeon, and saw 4 of its levels.

You collected 146 gold pieces.

Inventory:

Armour
 a - a +1 animal skin (worn)
Jewellery
 i - a +5 ring of evasion (left hand)
 j - an amulet of regeneration (around neck)
Talismans
 c - a beast talisman
 d - a flux talisman
Wands
 o - a wand of flame (12)
Scrolls
 f - a scroll of teleportation
 g - a scroll of revelation
 n - a scroll of fear
Potions
 b - 2 potions of lignification {!q}
 e - a potion of enlightenment {unknown}
 h - 3 potions of curing {unknown}
 k - a potion of attraction {unknown}
 l - 3 potions of might {unknown}
 m - a potion of degeneration {unknown}


   Skills:
 - Level 1.3 Fighting
 - Level 1.7 Dodging
 + Level 6.6 Unarmed Combat
 - Level 3.0 Shapeshifting


You had 5 spell levels left.
You didn't know any spells.
Your spell library contained the following spells:

 Spells                   Type           Power      Damage    Failure   Level
 Blink                    Tloc           0%         N/A       47%         2
 Lesser Beckoning         Tloc           0%         N/A       47%         2
 Momentum Strike          Conj/Tloc      0%         3d8       47%         2
 Summon Ice Beast         Ice/Summ       0%         N/A       71%         3
 Summon Blazeheart Golem  Fire/Summ      0%         N/A       98%         4
 Summon Lightning Spire   Summ/Air       0%         N/A       98%         4


Dungeon Overview and Level Annotations

Branches:
Dungeon (4/15)
 Temple: D:4-7

Altars:


Innate Abilities, Weirdness & Mutations

You are a hulking beast.
Your limbs bulge with bestial killing power. (Slay +1)
You are too large for most types of armour.
You have a pair of small horns on your head.
You have tough skin. (AC +1)
You gain doubled healing and magic from potions.
Whenever you drink a healing potion, you attack all around you.


Message History

No target in view!
Items here: )) [[ ††.
Things that are here:
a +0 trident; a +0 leather armour; an orc corpse An endoplasm comes into view.
You punch the endoplasm!
You kill the endoplasm!
No target in view!
Found a stone staircase leading down.
HP restored.
A dart slug and a steam dragon come into view.
Found a stone staircase leading up.
The steam dragon hisses angrily.
The dart slug launches a dart at you. The slug dart hits you.
You hit the dart slug. You headbutt the dart slug.
You kill the dart slug!
The steam dragon breathes steam at you. The ball of steam hits you!
You hear an angry hiss.
Aiming: Throw Flame
Press: ? - help, Shift-Dir - straight line, f - steam dragon
Aim: a steam dragon (68% to hit)
The puff of flame hits the steam dragon.
The steam dragon is lightly wounded.
You are engulfed in a cloud of scalding steam.
You punch the steam dragon! You headbutt the steam dragon.
The steam dragon is heavily wounded.
You are engulfed in a cloud of scalding steam.
The steam dragon barely misses you. x2
An iguana comes into view.
You completely miss the steam dragon. Your headbutt misses the steam dragon.
The steam dragon is heavily wounded.
You are engulfed in a cloud of scalding steam.
You punch the steam dragon!
The steam dragon is severely wounded.
You are engulfed in a cloud of scalding steam.
The steam dragon breathes steam at you. The ball of steam hits you!!
You die...

.#.........
..........#
l.......<#
.......#
#......## .▓
#.......# .▓
#§D.§...##.▓
#.###.h........
....§.§.§......▓
##.###.#...##..▓
..>..§..#####..▓
...###....###<.▓
.......##...##)▓▓
......# ###..#))▓
...... ##....▓
...... #.....).▓


You could see a steam dragon (catching breath) and an iguana.

Vanquished Creatures
  Sigmund (D:3)
  Terence (D:3)
  Natasha (thrice) (D:2)
  An orc wizard (D:4)
  2 adders (D:3)
  4 dart slugs
  A ribbon worm (D:3)
  4 orcs (D:4)
  3 ball pythons
  4 bats
  3 endoplasms
  3 goblins
  6 hobgoblins
  A frilled lizard (D:1)
  2 kobolds
  2 rats (D:2)
41 creatures vanquished.

Notes
Turn   | Place    | Note
-------+----------+-------------------------------------------
     0 | D:1      | Kenran the Oni Shapeshifter began the quest for the Orb.
     0 | D:1      | Reached XP level 1. HP: 19/19 MP: 1/1
   251 | D:1      | Reached skill level 3 in Unarmed Combat
   308 | D:1      | Reached XP level 2. HP: 25/27 MP: 2/2
   416 | D:1      | Got the Meditations on Apparitions and the Brume
   754 | D:2      | Noticed Natasha
   862 | D:2      | Killed Natasha
   862 | D:2      | Noticed Natasha
   863 | D:2      | Reached XP level 3. HP: 23/33 MP: 3/3
   908 | D:2      | Killed Natasha
   909 | D:2      | Reached skill level 4 in Unarmed Combat
   909 | D:2      | Reached XP level 4. HP: 27/41 MP: 4/4
  1122 | D:2      | Noticed Natasha
  1131 | D:2      | Killed Natasha
  1445 | D:3      | Noticed Terence
  1453 | D:3      | Killed Terence
  1454 | D:3      | Reached skill level 5 in Unarmed Combat
  1454 | D:3      | Reached XP level 5. HP: 45/48 MP: 5/5
  1542 | D:3      | Noticed Sigmund
  1558 | D:3      | Killed Sigmund
  1559 | D:3      | Reached skill level 6 in Unarmed Combat
  1559 | D:3      | Reached XP level 6. HP: 31/55 MP: 6/6
  2214 | D:3      | Identified a scroll of acquirement
  2216 | D:3      | Acquired an amulet of regeneration
  2303 | D:4      | Noticed a steam dragon
  2310 | D:4      | Killed from afar by a steam dragon

Illustrated notes

Levels and vault maps discovered:
D:1:      beargit_arrival_diablo_church, layout_basic
D:2:      layout_loops_ring, uniq_natasha
D:3:      layout_loops_ring, uniq_terence, uniq_sigmund
D:4:      layout_rooms, mainiacjoe_overflow_alcove_2, elyvilon_altar_3,
          mainiacjoe_overflow_surrounded_room, uniq_eustachio

Skill      XL: |  1  2  3  4  5 |
---------------+----------------+-----
Unarmed Combat | 3 4 5 6 |  6.6
Fighting       | |  1.3
Dodging        | |  1.7
Shapeshifting  | |  3.0

Action                     |  1- 3 |  4- 6 || total
---------------------------+-------+-------++-------
  Melee: Unarmed           |    27 |    77 ||   104
         Headbutt          |     5 |    16 ||    21
         Punch             |       |     2 ||     2
  Evoke: Wand              |       |     3 ||     3
    Use: Scroll            |       |     7 ||     7
 Armour: Animal skin       |    30 |    38 ||    68
  Dodge: Dodged            |    30 |    34 ||    64
